 Dungeon Crawl Stone Soup version 0.29.1-1-gd02db6906a (webtiles) character file.

Game seed: 16953479151269903288

6643 xian the Thaumaturge (level 10, -29/67 HPs)
             Began as a Demonspawn Ice Elementalist on Oct 22, 2022.
             Was a Believer of Qazlal.
             Annihilated by a death knight
             ... wielding a +3 great sword
              (37 damage)
             ... on level 8 of the Dungeon.
             The game lasted 00:34:02 (10431 turns).

xian the Thaumaturge (Demonspawn Ice Elementalist) Turns: 10431, Time: 00:34:02

Health: -29/67     AC: 16    Str: 18    XL:     10   Next: 72%
Magic:  16/23      EV: 18    Int: 20    God:    Qazlal [**....]
Gold:   219        SH:  6    Dex: 13    Spells: 19/28 levels left

rFire   . . .      SeeInvis .   E - +5 dagger (vamp)
rCold   . . .      Faith    .   p - +0 buckler
rNeg    . . .      Spirit   .   a - +1 robe of the Abyss {Contam +Blink Str+4}
rPois   .          Reflect  .   (helmet restricted)
rElec   .          Harm     .   (no cloak)
rCorr   .          Rampage  .   (no gloves)
Will    .....                   D - +0 pair of boots {Stlth+}
Stlth   ++++......              (no amulet)
HPRegen 0.21/turn               l - +4 ring of evasion
MPRegen 0.18/turn               t - ring of Abbeivad {AC+4 Str+4}

@: ice-armoured, about to teleport, freezing walls
A: antennae 1, repulsion field 1, ignite blood 1, demonic magic 2
a: Renounce Religion, Evoke Blink, Upheaval


You were on level 8 of the Dungeon.
You worshipped Qazlal.
Qazlal was pleased with you.
You visited 2 branches of the dungeon, and saw 9 of its levels.

You collected 573 gold pieces.
You spent 354 gold pieces at shops.

Inventory:

Hand Weapons
 n - a +1 dagger of venom
 E - a +5 vampiric dagger (weapon)
Missiles
 s - a throwing net
Armour
 a - the +1 robe of the Abyss (worn) {Contam +Blink Str+4}
   (You found it on level 2 of the Dungeon)

   Str:       It affects your strength (+4).
   +Blink:    It lets you blink.
   Contam:    It causes magical contamination when unequipped.
 g - the +0 robe "Tuuteekk" {rC- Int+2 SInv}
   (You found it on level 2 of the Dungeon)

   Int:       It affects your intelligence (+2).
   rC:        It makes you vulnerable to cold.
   SInv:      It lets you see invisible.
 p - a +0 buckler (worn)
 D - a +0 pair of boots of stealth (worn)
Jewellery
 b - a ring of protection from fire
 l - a +4 ring of evasion (left hand)
 t - the ring of Abbeivad (right hand) {AC+4 Str+4}
   (You bought it in a shop on level 4 of the Dungeon)

   [ring of protection]

   AC:        It affects your AC (+4).
   Str:       It affects your strength (+4).
Wands
 F - a wand of paralysis (7)
Scrolls
 c - 4 scrolls of noise {unknown}
 d - a scroll of summoning {unknown}
 e - a scroll of magic mapping {unknown}
 f - a scroll of amnesia {unknown}
 h - 2 scrolls of enchant armour
 i - 2 scrolls of butterflies
 k - 5 scrolls of enchant weapon {unknown}
 q - 2 scrolls of poison
 r - a scroll of blinking
 v - a scroll of teleportation
 w - a scroll of silence
 y - a scroll of immolation
 C - a scroll of torment
Potions
 j - 3 potions of resistance
 o - a potion of lignification {unknown}
 u - 3 potions of flight {unknown}
 x - 3 potions of curing
 z - a potion of invisibility {unknown}
 A - a potion of haste {unknown}
 B - a potion of mutation {unknown}


   Skills:
 + Level 1.7 Fighting
 + Level 3.3 Short Blades
 + Level 3.2 Dodging
 + Level 7.4 Stealth
 + Level 1.0 Shields
 + Level 0.3 Unarmed Combat
 + Level 9.7 Spellcasting
 + Level 0.6 Conjurations
 + Level 9.0 Ice Magic


You had 19 spell levels left.
You knew the following spells:

 Your Spells              Type           Power      Damage    Failure   Level
a - Freeze                Ice            100%       1d11      1%          1
b - Frozen Ramparts       Ice            90%        1d14      1%          3
c - Ozocubu's Armour      Ice            45%        N/A       1%          3
d - Searing Ray           Conj           24%        2d5       12%         2

Your spell library contained the following spells:

 Spells                   Type           Power      Damage    Failure   Level
 Magic Dart               Conj           48%        1d5       8%          1
 Hailstorm                Conj/Ice       29%        3d8       13%         4
 Fulminant Prism          Conj/Hex       5%         3d7       65%         4
 Anguish                  Hex/Necr       4%         N/A       67%         4
 Dispel Undead            Necr           9%         3d8       67%         4
 Petrify                  Tmut/Erth      9%         N/A       67%         4
 Infestation              Necr           4%         N/A       100%        8


Dungeon Overview and Level Annotations

Branches:
Dungeon (8/15)             Temple (1/1) D:6
   Lair: D:8-11

Altars:
Ashenzari
Cheibriados
Dithmenos
Fedhas
Gozag
Hepliaklqana
Kikubaaqudgha
Makhleb
Nemelex Xobeh
Qazlal
Ru
Trog
Uskayaw
Vehumet
Wu Jian
Xom
Yredelemnul

Shops:
D:4 *(*   D:7 [


Innate Abilities, Weirdness & Mutations

You have a pair of small antennae on your head.
You are surrounded by a mild repulsion field. (EV +2)
Your demonic aura sometimes causes spilled blood to erupt in flames.
Spells you cast may paralyse nearby enemies.


Message History

The wall freezes the death knight but does no damage.
The death knight misses you.
Unknown command.
Casting: Frozen Ramparts (safe; 1% risk of failure)
Confirm with . or Enter, or press ? or * to list all spells.
A film of ice covers your body! Malevolent energies surge around you.
The wall freezes the death knight but does no damage.
The death knight misses you.
The wall freezes the death knight.
The death knight hits you with a +3 great sword!
* * * LOW HITPOINT WARNING * * *
You feel better.
The wall freezes the death knight but does no damage.
The death knight hits you with a +3 great sword!
* * * LOW HITPOINT WARNING * * *
Casting: Ozocubu's Armour (safe; 1% risk of failure)
Confirm with . or Enter, or press ? or * to list all spells.
Okay, then.
Unknown command.
As you read the scroll of teleportation, it crumbles to dust.
You feel strangely unstable.
You feel yourself speed up.
The wall freezes the death knight!
The death knight hits you with a +3 great sword!
* * * LOW HITPOINT WARNING * * *
The wall freezes the death knight but does no damage.
The death knight completely misses you.
Press: ? - help, v - describe, . - travel The floor, spattered with blood.
Casting: Ozocubu's Armour (safe; 1% risk of failure)
Confirm with . or Enter, or press ? or * to list all spells.
Aiming: Searing Ray (safe; 12% risk of failure)
Press: ? - help, Shift-Dir - straight line, f - death knight
Aim: a death knight, wielding a +3 great sword and wearing a +0 chain mail (lightly wounded, 76% to hit)
The searing ray misses the death knight. (Press . to maintain the ray.) Malevolent energies surge around you.
The wall freezes the death knight but does no damage.
The death knight hits you with a +3 great sword!!!
Ouch! That really hurt!
You die...

..####.#.#..#...................P
..# #..###.......>.......##..♣P.
..# #.#.#..#.............##..♣P.
..####.#..#.######...#........♣..
#...........# #...#.#####..♣ .
########.#### #...#.#####..♣ .
#.# #...#.......#. #.#
#####...#########.♣ #.#
#..@p.(.##......#.# ########.#
#.#####.##.####.#.# .........#
#.# #.##.####.# ##############.#
#..[....#.# ##...##..#
#.##.##.#.#
#.....#..#####.##.##.#.#
#......................####
#.....#####.#..##)##.#>....
##...## #..#.##÷##.#.###.


You could see a death knight.

Vanquished Creatures
  A two-headed ogre (D:8)
  The ghost of safid the Skirmisher, a novice MiHu of Okawaru (D:7)
  Psyche (D:8)
  Grinder (D:5)
  A wyvern (D:8)
  A wraith (D:8)
  5 yaks (D:8)
  Menkaure (D:5)
  3 water moccasins
  2 sky beasts
  A black bear (D:6)
  2 orc warriors
  5 ice beasts
  3 ogres
  A centaur (D:8)
  2 phantoms
  2 kobold brigands
  2 bullfrogs (D:7)
  2 necrophages (D:3)
  5 scorpions
  8 wights
  3 howler monkeys
  3 hounds
  5 orc priests
  2 gnoll boudas
  A jelly (D:7)
  An iguana (D:7)
  11 orc wizards
  Natasha (twice) (D:3)
  A killer bee simulacrum (D:8)
  8 gnolls
  7 adders
  7 river rats (D:6)
  A shadow imp (D:7)
  A white imp (D:6)
  2 worms
  3 dart slugs
  32 orcs
  7 ball pythons
  5 bats
  4 endoplasms
  A giant cockroach (D:2)
  2 goblins
  3 hobgoblins
  14 quokkas
  3 frilled lizards
  17 kobolds
  17 rats
213 creatures vanquished.

Vanquished Creatures (others)
  21 withered plants (D:8)
21 creatures vanquished.

Grand Total: 234 creatures vanquished

Notes
Turn   | Place    | Note
-------+----------+-------------------------------------------
     0 | D:1      | xian the Demonspawn Ice Elementalist began the quest for
                  | the Orb.
     0 | D:1      | Reached XP level 1. HP: 13/13 MP: 3/3
   562 | D:1      | Gained mutation: Spells you cast may paralyse adjacent
                  | enemies. [demonic ancestry]
   562 | D:1      | Reached XP level 2. HP: 18/19 MP: 1/5
  1433 | D:2      | Gained mutation: Spells you cast may paralyse nearby
                  | enemies. [demonic ancestry]
  1433 | D:2      | Reached XP level 3. HP: 24/24 MP: 4/6
  1437 | D:2      | Learned a level 3 spell: Frozen Ramparts
  1504 | D:2      | Identified the +1 robe of the Abyss {Contam +Blink Str+4}
  1774 | D:2      | Found a snail-covered altar of Cheibriados.
  1914 | D:2      | Identified the +0 robe "Tuuteekk" {rC- Int+2 SInv}
  2231 | D:3      | Reached XP level 4. HP: 30/30 MP: 2/8
  2504 | D:3      | Got the Vellum of the Twisted Geologist
  2578 | D:3      | Reached XP level 5. HP: 30/36 MP: 4/9
  2583 | D:3      | Learned a level 3 spell: Ozocubu's Armour
  2862 | D:3      | Noticed Natasha
  2869 | D:3      | Killed Natasha
  2870 | D:3      | Reached skill level 5 in Ice Magic
  2987 | D:3      | Noticed Natasha
  2991 | D:3      | Killed Natasha
  2992 | D:3      | Gained mutation: Your demonic aura sometimes causes spilled
                  | blood to erupt in flames. [demonic ancestry]
  2992 | D:3      | Reached XP level 6. HP: 42/42 MP: 5/11
  3881 | D:4      | Found Suku's General Store.
  3894 | D:4      | Bought a potion of degeneration for 10 gold pieces
  3966 | D:4      | Found Narias's Assorted Antiques.
  3975 | D:4      | Bought a scroll labelled LOSI MEJYE for 17 gold pieces
  3975 | D:4      | Bought a scroll labelled COEMIQU RIORUA for 17 gold pieces
  3975 | D:4      | Bought a fizzy ruby potion for 15 gold pieces
  3975 | D:4      | Bought a smoking ivory ring for 85 gold pieces
  3975 | D:4      | Identified the ring of Abbeivad {AC+4 Str+4} (You bought it
                  | in a shop on level 4 of the Dungeon)
  4020 | D:4      | Found Meabapre's Antique Weapon Shop.
  4323 | D:4      | Gained mutation: You are surrounded by a mild repulsion
                  | field. (EV +2) [demonic ancestry]
  4323 | D:4      | Reached XP level 7. HP: 24/47 MP: 8/13
  4868 | D:5      | Entered Level 5 of the Dungeon
  4922 | D:5      | Reached skill level 1 in Short Blades
  4926 | D:5      | Reached skill level 5 in Spellcasting
  4951 | D:5      | Noticed Menkaure
  4967 | D:5      | Killed Menkaure
  5264 | D:5      | Noticed Grinder
  5273 | D:5      | Reached XP level 8. HP: 39/53 MP: 11/16
  5282 | D:5      | Killed Grinder
  5283 | D:5      | Reached skill level 1 in Fighting
  6033 | D:6      | Reached skill level 5 in Stealth
  6254 | D:6      | Learned a level 2 spell: Searing Ray
  6394 | D:6      | Found a staircase to the Ecumenical Temple.
  6405 | Temple   | Entered the Ecumenical Temple
  6405 | Temple   | Found a transporter.
  6405 | Temple   | Found a transporter.
  6407 | Temple   | Found a transporter.
  6407 | Temple   | Found a transporter.
  6494 | Temple   | Became a worshipper of Qazlal Stormbringer
  6603 | D:6      | Reached XP level 9. HP: 59/59 MP: 18/18
  7395 | D:6      | Found a large runed translucent door.
  7395 | D:6      | Found a large runed translucent door.
  7683 | D:6      | Found a radiant altar of Vehumet.
  7704 | D:6      | Found an opulent altar of Gozag.
  8000 | D:7      | Reached * piety under Qazlal
  8800 | D:7      | Found Diuptac's Antique Armour Shoppe.
  8808 | D:7      | Bought a pair of glowing boots for 210 gold pieces
  8842 | D:7      | Found a runed translucent gate.
  8843 | D:7      | Found a runed translucent gate.
  8851 | D:7      | Found a runed translucent gate.
  8852 | D:7      | Noticed safid's ghost (novice MiHu)
  8870 | D:7      | Killed safid's ghost
  8983 | D:7      | Gained mutation: You have a pair of small antennae on your
                  | head. [demonic ancestry]
  8983 | D:7      | Reached XP level 10. HP: 66/66 MP: 17/22
  9662 | D:8      | Noticed a two-headed ogre
  9683 | D:8      | Killed a two-headed ogre
 10118 | D:8      | Reached ** piety under Qazlal
 10186 | D:8      | Noticed Psyche
 10191 | D:8      | Paralysed by Psyche for 3 turns
 10196 | D:8      | Killed Psyche
 10197 | D:8      | Reached skill level 1 in Shields
 10418 | D:8      | Noticed a death knight
 10431 | D:8      | Annihilated by a death knight

Illustrated notes

Levels and vault maps discovered:
D:1:      dpeg_arrival_rooms_a, layout_basic, minmay_pentomino_t4
D:2:      layout_basic, basic_altar, minmay_fractal_squares_5
D:3:      layout_loops_ring, uniq_natasha
D:4:      layout_gridville, serial_shops, shop, shop, nicolae_shop_stone,
          minivault_27
D:5:      layout_rooms, serial_bayou_pond_d, nicolae_figureground_pulse,
          uniq_grinder, uniq_menkaure
D:6:      lemuel_ratsnest, layout_layer_cave, jmf_multi_god_temple2,
          minmay_temple_entry_antechambers
D:7:      layout_basic, ebering_ghost_rock_garden, serial_rivers,
          chequers_serial_rivers_micro_a, chequers_serial_rivers_micro_c,
          chequers_serial_rivers_micro_d, chequers_serial_rivers_micro_e,
          serial_shops, shop
D:8:      layout_loops_cross, led_sif_book, dilly_guarded_unrand_morg,
          uniq_psyche
Temple:   hellmonk_temple_divided_pantheon

Skill      XL: |  1  2  3  4  5  6  7  8  9 10 |
---------------+-------------------------------+-----
Dodging        | 2 3 |  3.2
Ice Magic      | 4 5 6 7 8 9 |  9.0
Stealth        | 2 3 5 6 7 |  7.4
Spellcasting   | 3 4 5 6 8 9 |  9.7
Short Blades   | 1 2 3 |  3.3
Fighting       | 1 |  1.7
Shields        | 1 |  1.0
Unarmed Combat | |  0.3
Conjurations   | |  0.6

Action                   |  1- 3 |  4- 6 |  7- 9 | 10-12 || total
-------------------------+-------+-------+-------+-------++-------
Melee: Unarmed           |     9 |       |       |       ||     9
       Dagger            |    12 |    44 |    95 |    29 ||   180
       Punch             |       |     1 |       |       ||     1
 Cast: Freeze            |    51 |    49 |    52 |    37 ||   189
       Frozen Ramparts   |     1 |    10 |    32 |    11 ||    54
       Ozocubu's Armour  |       |       |    13 |     3 ||    16
       Searing Ray       |       |       |    12 |     7 ||    19
  Use: Scroll            |     3 |       |     3 |     7 ||    13
       Potion            |       |     2 |     1 |     1 ||     4
 Stab: Paralysed         |     3 |    10 |    31 |    13 ||    57
       Sleeping          |       |     4 |     3 |       ||     7
Armor: Robe              |     3 |    17 |    23 |     7 ||    50
       Leather armour    |     1 |       |       |       ||     1
Dodge: Dodged            |    37 |    49 |    90 |    37 ||   213
Block: Buckler           |       |     2 |    17 |    12 ||    31
